 Dungeon Crawl Stone Soup version 0.24.1-14-gf8d2b509d9 (webtiles) character file.

Game seed: 711735437919943102, levelgen mode: deterministic

1676 mortelune the Chiller (level 9, -2/74 HPs)
             Began as a Naga Ice Elementalist on May 21, 2020.
             Was a Priest of Cheibriados.
             Slain by a hornet zombie (6 damage)
             ... on level 7 of the Dungeon.
             The game lasted 00:19:39 (11748 turns).

mortelune the Chiller (Naga Ice Elementalist)      Turns: 11748, Time: 00:19:40

Health: -2/74      AC: 10    Str: 21    XL:     9   Next: 1%
Magic:  4/16       EV: 10    Int: 25    God:    Cheibriados [***...]
Gold:   176        SH:  0    Dex: 24    Spells: 2/18 levels left

rFire    + + +     SeeInvis +     - Unarmed
rCold    + . .     Gourm    .   (no shield)
rNeg     . . .     Faith    .   C - +1 robe "Kaabb" {*Drain rF+++ rC+ Dex+6}
rPois    +         Spirit   .   d - +0 helmet
rElec    .         Reflect  .   t - +2 cloak
rCorr    .         Harm     .   q - +0 pair of gloves
MR       +....                  (no barding)
Stlth    ++++......             (no amulet)
HPRegen  0.22/turn              n - +5 ring of strength
MPRegen  0.15/turn              r - ring of stealth

@: very slightly contaminated, very slow
A: large, see invisible, deformed body, poison resistance, slowness 2, slow
metabolism 1, spit poison 1, AC +3
a: Spit Poison, Bend Time, Temporal Distortion, Renounce Religion


You were on level 7 of the Dungeon.
You worshipped Cheibriados.
Cheibriados was most pleased with you.
You were not hungry.

You visited 1 branch of the dungeon, and saw 7 of its levels.

You collected 368 gold pieces.
You spent 192 gold pieces at shops.

Inventory:

Armour
 a - a +0 robe
 d - a +0 helmet (worn)
 q - a +0 pair of gloves (worn)
 t - a +2 cloak (worn)
 C - the +1 robe "Kaabb" (worn) {*Drain rF+++ rC+ Dex+6}
   (You found it on level 6 of the Dungeon)

   It affects your dexterity (+6).
   It renders you almost immune to fire.
   It protects you from cold.
   It causes draining when unequipped.
Jewellery
 n - a +5 ring of strength (left hand)
 r - a ring of stealth (right hand)
Wands
 p - a wand of polymorph (3)
 w - a wand of clouds (2)
Scrolls
 b - 2 scrolls of fog
 e - a scroll of immolation
 f - 2 scrolls of enchant weapon {unknown}
 g - 3 scrolls of enchant armour {unknown}
 i - 2 scrolls of identify
 j - 6 scrolls of teleportation
 k - 2 scrolls of remove curse {unknown}
 o - a scroll of fear {unknown}
 x - 2 scrolls of amnesia {unknown}
 y - a scroll of magic mapping {unknown}
 B - 2 scrolls of blinking
Potions
 h - a potion of magic {unknown}
 l - 2 potions of lignification
 m - 2 potions of degeneration {unknown}
 s - a potion of cancellation
 u - a potion of mutation {unknown}
 v - a potion of resistance {unknown}
 z - a potion of flight {unknown}
Comestibles
 c - a ration


   Skills:
 + Level 2.4 Fighting
 - Level 1.5 Dodging
 - Level 3.0 Stealth
 - Level 1.5 Unarmed Combat
 + Level 5.1 Spellcasting
 + Level 6.0 Conjurations
 - Level 4.1 Summonings
 + Level 6.2 Ice Magic


You had 2 spell levels left.
You knew the following spells:

 Your Spells              Type           Power        Failure   Level  Hunger
a - Freeze                Ice            ####         1%          1    None
b - Throw Frost           Conj/Ice       #####.       1%          2    None
c - Ozocubu's Armour      Chrm/Ice       ###.....     7%          3    ##.....
d - Throw Icicle          Conj/Ice       #####...     6%          4    ####...
e - Summon Ice Beast      Ice/Summ       ####....     10%         4    ####...
f - Blink                 Tloc           N/A          12%         2    None

Your spell library contained the following spells:

 Spells                   Type           Power        Failure   Level  Hunger
 Magic Dart               Conj           ####         1%          1    None
 Call Imp                 Summ           ####....     2%          2    None
 Slow                     Hex            #.......     12%         2    None
 Conjure Flame            Conj/Fire      ###.....     7%          3    ##.....
 Mephitic Cloud           Conj/Pois/Air  ###.....     11%         3    ##.....


Dungeon Overview and Level Annotations

Branches:
Dungeon (7/15)             Temple (0/1) D:5

Altars:
Cheibriados
Fedhas
Yredelemnul
Zin

Shops:
D:4 =   D:5 ?

Annotations:
D:7 Harold


Innate Abilities, Weirdness & Mutations

You cannot wear boots.
Your serpentine skin is tough. (AC +3)
You have supernaturally acute eyesight. (SInv)
Armour fits poorly on your strangely shaped body.
Your system is resistant to poisons. (rPois)
You cover ground very slowly.
You have a slow metabolism.
You can spit poison.


Message History

The hornet zombie is severely damaged.
The hornet zombie hits you. The hornet zombie hits you!
* * * LOW HITPOINT WARNING * * *
You barely miss the hornet zombie.
The hornet zombie is severely damaged.
The hornet zombie closely misses you. The hornet zombie barely misses you. x2
The hornet zombie barely misses you.
The hornet zombie hits you but does no damage.
You hit the hornet zombie.
The hornet zombie is severely damaged.
The hornet zombie barely misses you.
You hit the hornet zombie but do no damage.
The hornet zombie is severely damaged.
The hornet zombie hits you!
* * * LOW HITPOINT WARNING * * *
The hornet zombie hits you.
* * * LOW HITPOINT WARNING * * *
The hornet zombie hits you.
You die...

#. ###### #. ##....############
#. #.................
#.##############.....############
...................>........ ..<#
####......###### .o.# #.##.#.#
...# ### #.##.#.# .... #...
#@##.#.# .... #.... #Z##.#.#
....Z #.....#....#.# .....
#........### ...... .........+
######(..# #..!# #...# #...#


You could see a hornet zombie.

Vanquished Creatures
  An ugly thing (D:6)
  An ice beast (D:6)
  An ogre (D:5)
  2 centaurs
  4 bullfrogs
  A scorpion (D:4)
  A hound (D:5)
  2 centaur skeletons
  3 orc priests
  A bullfrog skeleton (D:6)
  2 iguanas
  4 orc wizards
  4 worker ants
  4 gnolls (D:5)
  7 adders
  A shadow imp (D:5)
  An ooze (D:3)
  An adder skeleton (D:5)
  2 worms
  A dart slug (D:1)
  2 leopard geckos (D:3)
  21 orcs
  4 giant cockroaches
  4 hobgoblins
  5 quokkas
  3 ball pythons
  3 bats
  4 frilled lizards
  2 gnoll zombies (D:2)
  4 goblins
  6 kobolds
  A leopard gecko skeleton (D:5)
  A quokka skeleton (D:5)
  2 quokka zombies (D:5)
  4 rats
110 creatures vanquished.

Notes
Turn   | Place    | Note
-------+----------+-------------------------------------------
     0 | D:1      | mortelune the Naga Ice Elementalist began the quest for the
                  | Orb.
     0 | D:1      | Reached XP level 1. HP: 15/15 MP: 3/3
   748 | D:1      | Reached XP level 2. HP: 16/24 MP: 1/5
   752 | D:1      | Learned a level 2 spell: Throw Frost
  1300 | D:2      | Reached skill level 1 in Fighting
  1408 | D:2      | Found a faded altar of an unknown god.
  1508 | D:2      | Reached XP level 3. HP: 31/31 MP: 0/6
  1661 | D:2      | Learned a level 3 spell: Ozocubu's Armour
  2517 | D:2      | Found a basalt altar of Yredelemnul.
  2560 | D:2      | Found a snail-covered altar of Cheibriados.
  2617 | D:2      | Became a worshipper of Cheibriados the Contemplative
  3247 | D:3      | Reached XP level 4. HP: 38/38 MP: 0/7
  3464 | D:3      | Reached * piety under Cheibriados
  3580 | D:3      | Reached skill level 1 in Unarmed Combat
  4737 | D:5      | Entered Level 5 of the Dungeon
  5263 | D:5      | Found Guiqifur's Magic Scroll Boutique.
  5267 | D:5      | Reached XP level 5. HP: 42/44 MP: 3/9
  5357 | D:5      | Bought a scroll of fog for 22 gold pieces
  5357 | D:5      | Bought a scroll of blinking for 82 gold pieces
  5357 | D:5      | Bought a scroll of identify for 22 gold pieces
  5357 | D:5      | Bought a scroll of teleportation for 33 gold pieces
  5357 | D:5      | Bought a scroll of teleportation for 33 gold pieces
  5769 | D:5      | Found a staircase to the Ecumenical Temple.
  5774 | D:5      | Noticed a centaur
  5938 | D:4      | Killed a centaur
  5938 | D:4      | Reached XP level 6. HP: 9/52 MP: 0/11
  6193 | D:4      | Learned a level 4 spell: Throw Icicle
  6401 | D:4      | Found Hinwefudd's Jewellery Shop.
  6415 | D:4      | Reached ** piety under Cheibriados
  7296 | D:4      | Reached XP level 7. HP: 45/60 MP: 1/12
  7307 | D:4      | Reached skill level 5 in Ice Magic
  8122 | D:4      | Found a glowing silver altar of Zin.
  8624 | D:5      | Learned a level 4 spell: Summon Ice Beast
  9227 | D:5      | Reached skill level 1 in Summonings
  9612 | D:6      | Reached XP level 8. HP: 67/67 MP: 5/14
  9816 | D:6      | Noticed a cyan ugly thing
  9833 | D:6      | Reached *** piety under Cheibriados
 10399 | D:6      | Reached skill level 5 in Conjurations
 10751 | D:6      | Got a fine robe
 10807 | D:6      | Identified the +1 robe "Kaabb" {*Drain rF+++ rC+ Dex+6}
                  | (You found it on level 6 of the Dungeon)
 10826 | D:6      | Killed a brown ugly thing
 10826 | D:6      | Reached skill level 5 in Spellcasting
 11401 | D:6      | Found a blossoming altar of Fedhas.
 11578 | D:6      | Learned a level 2 spell: Blink
 11579 | D:7      | Noticed Harold
 11585 | D:6      | Reached XP level 9. HP: 71/74 MP: 11/16
 11748 | D:7      | Slain by a hornet zombie

Levels and vault maps discovered:
D:1:      psy_arrival_terrarium, layout_rooms, minmay_misc_feat_enclosed
D:2:      layout_basic, lemuel_doored_altar, lemuel_zombie_altar_yredelemnul,
          first_ration, chequers_ecumenical_altar_simple
D:3:      layout_basic
D:4:      minmay_angry_zag, layout_cave_pods, overflow_temple_1_default,
          serial_shops, shop
D:5:      layout_cave_pools, minmay_temple_entry_mist, serial_shops,
          nicolae_shop_waterfront
D:6:      layout_loops_corners, marbit_many_paths
D:7:      layout_basic, uniq_harold

Skill      XL: |  1  2  3  4  5  6  7  8 |
---------------+-------------------------+-----
Fighting       | 1 2 |  2.4
Unarmed Combat | 1 |  1.5
Ice Magic      | 4 5 6 |  6.2
Spellcasting   | 3 4 5 |  5.1
Conjurations   | 3 4 6 |  6.0
Summonings     | 1 4 |  4.1
Dodging        | |  1.5
Stealth        | |  3.0

Action                   |  1- 3 |  4- 6 |  7- 9 || total
-------------------------+-------+-------+-------++-------
Melee: Unarmed           |    45 |    85 |    57 ||   187
       Punch             |       |     1 |     1 ||     2
 Cast: Freeze            |    28 |    47 |    54 ||   129
       Throw Frost       |    26 |    56 |    38 ||   120
       Throw Icicle      |       |     1 |    22 ||    23
       Ozocubu's Armour  |       |       |     1 ||     1
 Abil: Spit Poison       |     1 |     1 |     4 ||     6
Evoke: Wand              |       |       |     2 ||     2
  Use: Scroll            |       |     7 |     1 ||     8
       Potion            |       |     1 |     2 ||     3
 Stab: Sleeping          |       |     1 |       ||     1
       Confused          |       |       |     1 ||     1
  Eat: Chunk             |     7 |     5 |     2 ||    14
       Ration            |       |     1 |     3 ||     4
Armor: Robe              |    12 |    63 |    34 ||   109
Dodge: Dodged            |    32 |    75 |    56 ||   163
